AA
FORT LEE GENERALS @ OKLAHOMA CITY 89'ERS
07/18/2060
 
TOP OF THE 1ST
Fort Lee Generals batting - Pitching for Oklahoma City 89'ers : RHP Preston Parnell
Pitching: RHP Preston Parnell
Batting: RHB Dillon Brady 0-0: Ball
1-0: Called Strike
1-1: Foul Ball, location: 2F
1-2: Ball
2-2: Foul Ball, location: 2F
2-2: Fly out, F4 (Line Drive, 4, EV 74.4 MPH)
Batting: SHB Dallas Johnson 0-0: Called Strike
0-1: Ball
1-1: Swinging Strike
1-2: Foul Ball, location: 2F
1-2: Ball
2-2: Foul Ball, location: 2F
2-2: Ball
3-2: Base on Balls
Batting: LHB Karim Brown 0-0: Swinging Strike
0-1: Ball
1-1: Ball
2-1: Called Strike
2-2: Fielders Choice at 2nd, 4-6 (Groundball, 34, EV 83.1 MPH)
Batting: SHB Martavious Visser 0-0: Foul Ball, location: 2F
0-1: Ground out U3 (Groundball, 3S, EV 84.4 MPH)
Top of the 1st over - 0 runs, 0 hits, 0 errors, 1 left on base; Fort Lee 0 - Oklahoma City 0
BOTTOM OF THE 1ST
Oklahoma City 89'ers batting - Pitching for Fort Lee Generals : RHP Joel McCarthy
Pitching: RHP Joel McCarthy
Batting: RHB Cody Tolley 0-0: Ball
1-0: Fly out, F2 (Popup, 23F, EV 88.1 MPH)
Batting: RHB Christopher Rasmussen 0-0: Foul Ball, location: 2F
0-1: Ground out 5-3 (Groundball, 56S, EV 66.9 MPH)
Batting: LHB Alex Cain 0-0: Called Strike
0-1: Ball
1-1: Ball
2-1: Ground out 4-3 (Groundball, 4, EV 79.4 MPH)
Bottom of the 1st over - 0 runs, 0 hits, 0 errors, 0 left on base; Fort Lee 0 - Oklahoma City 0
TOP OF THE 2ND
Fort Lee Generals batting - Pitching for Oklahoma City 89'ers : RHP Preston Parnell
Batting: RHB Trevon Nixon 0-0: Foul Ball, location: 2F
0-1: Ball
1-1: Foul Ball, location: 2F
1-2: SINGLE (Groundball, 6MD, EV 110.6 MPH)
Batting: RHB Zane Poe 0-0: Ball
1-0: Ground out 5-3 (Groundball, 56S, EV 70.6 MPH)
Trevon Nixon to second
Batting: RHB Samuel Bowles 0-0: Foul Ball, location: 2F
0-1: Foul Ball, location: 2F
0-2: Foul Ball, location: 2F
0-2: Strikes out swinging
Batting: RHB Corby Maish 0-0: Ball
1-0: Foul Ball, location: 2F
1-1: Ball
2-1: Ball
3-1: Foul Ball, location: 2F
3-2: Strikes out looking
Top of the 2nd over - 0 runs, 1 hit, 0 errors, 1 left on base; Fort Lee 0 - Oklahoma City 0
BOTTOM OF THE 2ND
Oklahoma City 89'ers batting - Pitching for Fort Lee Generals : RHP Joel McCarthy
Batting: RHB Andy Reece 0-0: Called Strike
0-1: Ball
1-1: Swinging Strike
1-2: Foul Ball, location: 2F
1-2: Ball
2-2: Strikes out swinging
Batting: LHB Adrien Davis 0-0: Ball
1-0: Ball
2-0: Foul Ball, location: 2F
2-1: Ball
3-1: Base on Balls
Batting: RHB Joseph Skehan 0-0: Called Strike
0-1: Grounds into double play, 1-4-3 (Groundball, 15S, EV 69.4 MPH)
Bottom of the 2nd over - 0 runs, 0 hits, 0 errors, 0 left on base; Fort Lee 0 - Oklahoma City 0
TOP OF THE 3RD
Fort Lee Generals batting - Pitching for Oklahoma City 89'ers : RHP Preston Parnell
Batting: LHB Rod Pamungkas 0-0: Called Strike
0-1: Ball
1-1: Ball
2-1: Ball
3-1: Foul Ball, location: 2F
3-2: Foul Ball, location: 2F
3-2: Foul Ball, location: 2F
3-2: SOLO HOME RUN (Flyball, 9D, EV 103.8 MPH), Distance : 379 ft
Batting: RHB Dillon Brady 0-0: Foul Ball, location: 2F
0-1: Swinging Strike
0-2: Foul Ball, location: 2F
0-2: Ball
1-2: Ball
2-2: Strikes out looking
Batting: SHB Dallas Johnson 0-0: Swinging Strike
0-1: Foul Ball, location: 2F
0-2: Ball
1-2: Ball
2-2: Fly out, F8 (Flyball, 78D, EV 106.2 MPH)
Batting: LHB Karim Brown 0-0: Called Strike
0-1: Ball
1-1: Ball
2-1: Foul Ball, location: 2F
2-2: Strikes out looking
Top of the 3rd over - 1 run, 1 hit, 0 errors, 0 left on base; Fort Lee 1 - Oklahoma City 0
BOTTOM OF THE 3RD
Oklahoma City 89'ers batting - Pitching for Fort Lee Generals : RHP Joel McCarthy
Batting: LHB Alvan Goldsmith 0-0: Swinging Strike
0-1: Ball
1-1: Ground out 5-3 (Groundball, 56, EV 90.6 MPH)
Batting: RHB Tyson Axtell 0-0: Called Strike
0-1: Ground out 6-3 (Groundball, 6S, EV 77.5 MPH)
Batting: RHB Shannon Cox 0-0: Fly out, F9 (Line Drive, 9, EV 104.4 MPH)
Bottom of the 3rd over - 0 runs, 0 hits, 0 errors, 0 left on base; Fort Lee 1 - Oklahoma City 0
TOP OF THE 4TH
Fort Lee Generals batting - Pitching for Oklahoma City 89'ers : RHP Preston Parnell
Batting: SHB Martavious Visser 0-0: SOLO HOME RUN (Flyball, 9D, EV 95.0 MPH), Distance : 371 ft
Batting: RHB Trevon Nixon 0-0: Foul Ball, location: 2F
0-1: Ball
1-1: SOLO HOME RUN (Flyball, 89XD, EV 100.0 MPH), Distance : 403 ft
Batting: RHB Zane Poe 0-0: Ball
1-0: SINGLE (Flyball, 56D, EV 85.6 MPH)
Batting: RHB Samuel Bowles 0-0: Ball
1-0: Ball
2-0: Called Strike
2-1: Swinging Strike
2-2: Strikes out swinging
Batting: RHB Corby Maish 0-0: Ball
1-0: Swinging Strike
1-1: SINGLE (Line Drive, 9LS, EV 93.1 MPH)
Zane Poe to second
Batting: LHB Rod Pamungkas 0-0: Swinging Strike
0-1: Ball
1-1: Foul Ball, location: 2F
1-2: Strikes out swinging
Batting: RHB Dillon Brady 0-0: Ball
1-0: Swinging Strike
1-1: Foul Ball, location: 2F
1-2: Fly out, F7 (Line Drive, 7, EV 86.2 MPH)
Top of the 4th over - 2 runs, 4 hits, 0 errors, 2 left on base; Fort Lee 3 - Oklahoma City 0
BOTTOM OF THE 4TH
Oklahoma City 89'ers batting - Pitching for Fort Lee Generals : RHP Joel McCarthy
Batting: RHB Cody Tolley 0-0: Fly out, F8 (Flyball, 89D, EV 74.4 MPH)
Batting: RHB Christopher Rasmussen 0-0: Foul Ball, location: 2F
0-1: Foul Ball, location: 2F
0-2: Ball
1-2: Foul Ball, location: 2F
1-2: Foul Ball, location: 2F
1-2: Ball
2-2: Foul Ball, location: 2F
2-2: Ball
3-2: Ground out 5-3 (Groundball, 56S, EV 85.6 MPH)
Batting: LHB Alex Cain 0-0: Ground out 3-1 (Groundball, 34S, EV 88.8 MPH)
Bottom of the 4th over - 0 runs, 0 hits, 0 errors, 0 left on base; Fort Lee 3 - Oklahoma City 0
TOP OF THE 5TH
Fort Lee Generals batting - Pitching for Oklahoma City 89'ers : RHP Preston Parnell
Batting: SHB Dallas Johnson 0-0: Ball
1-0: Ball
2-0: Ball
3-0: Base on Balls
Batting: LHB Karim Brown Pickoff Play to 1st, Runner tries for 2nd, OUT after rundown.
0-0: DOUBLE (Flyball, 89D, EV 97.5 MPH)
Batting: SHB Martavious Visser 0-0: Ball
1-0: Foul Ball, location: 2F
1-1: Fly out, F7 (Flyball, 7D, EV 106.2 MPH)
Batting: RHB Trevon Nixon 0-0: DOUBLE (Line Drive, 9LS, EV 91.2 MPH)
Karim Brown scores
Batting: RHB Zane Poe 0-0: Ball
1-0: Ball
2-0: Fly out, F9 (Flyball, 89S, EV 94.4 MPH)
Top of the 5th over - 1 run, 2 hits, 0 errors, 1 left on base; Fort Lee 4 - Oklahoma City 0
BOTTOM OF THE 5TH
Oklahoma City 89'ers batting - Pitching for Fort Lee Generals : RHP Joel McCarthy
Batting: RHB Andy Reece 0-0: Ball
1-0: Called Strike
1-1: Ball
2-1: Ball
3-1: Fly out, F7 (Flyball, 78M, EV 77.5 MPH)
Batting: LHB Adrien Davis 0-0: Ball
1-0: Foul Ball, location: 2F
1-1: Foul Ball, location: 2F
1-2: Strikes out swinging
Batting: RHB Joseph Skehan 0-0: Foul Ball, location: 2F
0-1: Ball
1-1: Called Strike
1-2: Foul Ball, location: 2F
1-2: Ball
2-2: Strikes out looking
Bottom of the 5th over - 0 runs, 0 hits, 0 errors, 0 left on base; Fort Lee 4 - Oklahoma City 0
TOP OF THE 6TH
Fort Lee Generals batting - Pitching for Oklahoma City 89'ers : RHP Preston Parnell
Pitching: RHP Lucas Gustafson
Batting: RHB Samuel Bowles 0-0: Ball
1-0: Ball
2-0: Called Strike
2-1: Swinging Strike
2-2: Foul Ball, location: 2F
2-2: Foul Ball, location: 2F
2-2: Foul Ball, location: 2F
2-2: Ball
3-2: Base on Balls
Batting: RHB Corby Maish 0-0: Swinging Strike
0-1: Ball
1-1: Ball
2-1: Foul Ball, location: 2F
2-2: Ball
3-2: Foul Ball, location: 2F
3-2: Strikes out swinging
Batting: LHB Rod Pamungkas 0-0: Called Strike
0-1: Ball
Wild Pitch!
Samuel Bowles to second
1-1: Ball
2-1: Reached on error, E5 (Groundball, 5D, EV 105.0 MPH)
Samuel Bowles scores
Batting: RHB Dillon Brady 0-0: Swinging Strike
0-1: Foul Ball, location: 2F
0-2: Ground out 5-3 (Groundball, 56S, EV 84.4 MPH)
Batting: SHB Dallas Johnson 0-0: Swinging Strike
0-1: Called Strike
0-2: Ball
1-2: Foul Ball, location: 2F
1-2: Foul Ball, location: 2F
1-2: Strikes out swinging
Top of the 6th over - 1 run, 0 hits, 1 error, 1 left on base; Fort Lee 5 - Oklahoma City 0
BOTTOM OF THE 6TH
Oklahoma City 89'ers batting - Pitching for Fort Lee Generals : RHP Joel McCarthy
Batting: LHB Alvan Goldsmith 0-0: Called Strike
0-1: Ball
1-1: Swinging Strike
1-2: DOUBLE (Groundball, 5L, EV 98.8 MPH)
Batting: RHB Tyson Axtell 0-0: Ball
1-0: Ball
2-0: Ball
3-0: Called Strike
3-1: Called Strike
3-2: Fly out, F7 (Flyball, 7D, EV 98.1 MPH)
Runner from 2nd tags up, SAFE at 3rd, no throw by LF
Batting: RHB Shannon Cox 0-0: Ball
1-0: Ball
2-0: Foul Ball, location: 2F
2-1: Ball
3-1: Foul Ball, location: 2F
3-2: Ground out 3-1 (Groundball, 34, EV 94.4 MPH)
Alvan Goldsmith scores
Batting: RHB Cody Tolley 0-0: Ball
1-0: SINGLE (Groundball, 56S, EV 65.6 MPH) (infield hit)
Batting: RHB Christopher Rasmussen 0-0: Ball
1-0: Ball
Cody Tolley steals 2nd base (no throw)
2-0: Swinging Strike
2-1: Ball
3-1: Base on Balls
Batting: LHB Alex Cain 0-0: 3-RUN HOME RUN (Flyball, 8RXD, EV 111.2 MPH), Distance : 437 ft
Batting: RHB Andy Reece 0-0: Foul Ball, location: 2F
0-1: Foul Ball, location: 2F
0-2: Strikes out swinging
Bottom of the 6th over - 4 runs, 3 hits, 0 errors, 0 left on base; Fort Lee 5 - Oklahoma City 4
TOP OF THE 7TH
Fort Lee Generals batting - Pitching for Oklahoma City 89'ers : RHP Lucas Gustafson
Batting: LHB Karim Brown 0-0: Swinging Strike
0-1: Ball
1-1: Fly out, F3 (Line Drive, 3L, EV 70.0 MPH)
Batting: SHB Martavious Visser 0-0: Called Strike
0-1: Ball
1-1: Foul Ball, location: 2F
1-2: Strikes out swinging
Batting: RHB Trevon Nixon 0-0: Called Strike
0-1: Foul Ball, location: 2F
0-2: Strikes out swinging
Top of the 7th over - 0 runs, 0 hits, 0 errors, 0 left on base; Fort Lee 5 - Oklahoma City 4
BOTTOM OF THE 7TH
Oklahoma City 89'ers batting - Pitching for Fort Lee Generals : RHP Joel McCarthy
Batting: LHB Adrien Davis 0-0: Called Strike
0-1: Ground out 3-1 (Groundball, 34, EV 81.2 MPH)
Batting: RHB Joseph Skehan 0-0: Ball
1-0: Ball
2-0: Ball
3-0: Called Strike
3-1: Swinging Strike
3-2: Base on Balls
Batting: LHB Alvan Goldsmith 0-0: SINGLE (Groundball, 34D, EV 110.0 MPH)
Joseph Skehan to second
Runner from 2nd tries for 3rd, SAFE, throw by RF made to third
Batting: RHB Tyson Axtell 0-0: Called Strike
0-1: Foul Ball, location: 2F
0-2: SINGLE (Groundball, 34, EV 100.0 MPH)
Joseph Skehan scores
Alvan Goldsmith to second
Runner from 2nd tries for 3rd, OUT! 9-5
Pitching: LHP Tyler Query
Batting: RHB Shannon Cox 0-0: Foul Ball, location: 2F
0-1: Ball
1-1: Swinging Strike
1-2: Fly out, F9 (Flyball, 9LM, EV 85.0 MPH)
Bottom of the 7th over - 1 run, 2 hits, 0 errors, 1 left on base; Fort Lee 5 - Oklahoma City 5
TOP OF THE 8TH
Fort Lee Generals batting - Pitching for Oklahoma City 89'ers : RHP Lucas Gustafson
Pitching: LHP Derek Anderson
Batting: RHB Zane Poe 0-0: Ball
1-0: Swinging Strike
1-1: Foul Ball, location: 2F
1-2: Foul Ball, location: 2F
1-2: Ball
2-2: Foul Ball, location: 2F
2-2: Strikes out swinging
Batting: RHB Samuel Bowles 0-0: Ball
1-0: Ball
2-0: Ball
3-0: DOUBLE (Flyball, 89XD, EV 108.8 MPH)
Pinch Runner at 2nd Brian Heard:
Batting: RHB Corby Maish 0-0: Intentional Walk
Pinch Hitting: LHB Bryant Goody 0-0: Called Strike
0-1: Called Strike
0-2: Foul Ball, location: 2F
0-2: Strikes out looking
Batting: RHB Dillon Brady 0-0: SINGLE (Line Drive, 34D, EV 98.8 MPH)
Brian Heard to third
Corby Maish to second
Runner from 3rd tries for Home, throw by RF and OUT! 9-2
Top of the 8th over - 0 runs, 2 hits, 0 errors, 2 left on base; Fort Lee 5 - Oklahoma City 5
BOTTOM OF THE 8TH
Oklahoma City 89'ers batting - Pitching for Fort Lee Generals : LHP Tyler Query
Now at C: Craig Randall
Now at SS: Brian Heard
Batting: RHB Cody Tolley 0-0: Called Strike
0-1: Ground out 6-3 (Groundball, 56, EV 108.1 MPH)
Batting: RHB Christopher Rasmussen 0-0: Ball
1-0: Called Strike
1-1: Reached on error, E4 (Groundball, 4, EV 96.9 MPH)
Batting: LHB Alex Cain 0-0: Ball
1-0: Swinging Strike
1-1: Called Strike
1-2: Ball
2-2: Strikes out swinging, 2-3 out at first.
Batting: RHB Andy Reece 0-0: Ball
1-0: Called Strike
1-1: Fly out, F8 (Line Drive, 89D, EV 91.2 MPH)
Bottom of the 8th over - 0 runs, 0 hits, 1 error, 1 left on base; Fort Lee 5 - Oklahoma City 5
TOP OF THE 9TH
Fort Lee Generals batting - Pitching for Oklahoma City 89'ers : LHP Derek Anderson
Batting: SHB Dallas Johnson 0-0: Ball
1-0: Ball
2-0: Called Strike
2-1: Called Strike
2-2: Ball
3-2: Foul Ball, location: 2F
3-2: Strikes out swinging
Batting: RHB Chayse Bauer 0-0: Ball
1-0: Foul Ball, location: 2F
1-1: Called Strike
1-2: Ball
2-2: Strikes out swinging
Batting: SHB Martavious Visser 0-0: Swinging Strike
0-1: Hit by Pitch
Batting: RHB Trevon Nixon 0-0: Called Strike
0-1: Ball
1-1: Foul Ball, location: 2F
1-2: Strikes out swinging
Top of the 9th over - 0 runs, 0 hits, 0 errors, 1 left on base; Fort Lee 5 - Oklahoma City 5
BOTTOM OF THE 9TH
Oklahoma City 89'ers batting - Pitching for Fort Lee Generals : LHP Tyler Query
Pinch Hitting: RHB Joey Bird 0-0: Swinging Strike
0-1: Ball
1-1: Called Strike
1-2: Strikes out looking
Batting: RHB Joseph Skehan 0-0: Fly out, F4 (Flyball, 4MD, EV 92.5 MPH)
Pinch Hitting: RHB Roger D'Andrea 0-0: Called Strike
0-1: Ball
1-1: Ball
2-1: Fly out, F9 (Flyball, 9S, EV 86.2 MPH)
Bottom of the 9th over - 0 runs, 0 hits, 0 errors, 0 left on base; Fort Lee 5 - Oklahoma City 5
TOP OF THE 10TH
Fort Lee Generals batting - Pitching for Oklahoma City 89'ers : LHP Derek Anderson
Now at C: Joey Bird
Now at 2B: Roger D'Andrea
Now at SS: Christopher Rasmussen
Now in LF: Shannon Cox
Now in CF: Alex Cain
Batting: RHB Zane Poe 0-0: Hit by Pitch
Batting: RHB Brian Heard 0-0: Swinging Strike
0-1: Fly out, F7 (Line Drive, 78S, EV 91.9 MPH)
Batting: RHB Corby Maish 0-0: DOUBLE (Line Drive, 9LS, EV 102.5 MPH)
Zane Poe to third
Batting: RHB Craig Randall 0-0: Called Strike
0-1: SINGLE (Flyball, 7LS, EV 93.1 MPH)
Zane Poe scores
Corby Maish to third
Pitching: RHP Tristin Schaub
Batting: RHB Dillon Brady 0-0: Ball
Craig Randall steals 2nd base
1-0: Ball
2-0: Ground out 2-3 (Groundball, 13S, EV 71.9 MPH)
Batting: SHB Dallas Johnson 0-0: Called Strike
0-1: Called Strike
0-2: Strikes out swinging
Top of the 10th over - 1 run, 2 hits, 0 errors, 2 left on base; Fort Lee 6 - Oklahoma City 5
BOTTOM OF THE 10TH
Oklahoma City 89'ers batting - Pitching for Fort Lee Generals : LHP Tyler Query
Pitching: LHP Cory Shetler
Batting: RHB Tyson Axtell 0-0: Ball
1-0: Foul Ball, location: 2F
1-1: DOUBLE (Line Drive, 8RXD, EV 101.2 MPH)
Batting: RHB Shannon Cox 0-0: Bunted foul
0-1: Bunted foul
0-2: Ball
1-2: Fly out, F8 (Flyball, 8LD, EV 98.8 MPH)
Batting: RHB Cody Tolley 0-0: Called Strike
0-1: Foul Ball, location: 2F
0-2: Ball
1-2: Ball
2-2: Ball
3-2: Strikes out swinging, 2-3 out at first.
Batting: RHB Christopher Rasmussen 0-0: Hit by Pitch
Batting: LHB Alex Cain 0-0: DOUBLE (Line Drive, 89M, EV 101.9 MPH)
Tyson Axtell scores
Christopher Rasmussen to third
Runner from 3rd tries for Home, SAFE, throw by CF to home
Bottom of the 10th over - 2 runs, 2 hits, 0 errors, 1 left on base; Fort Lee 6 - Oklahoma City 7
Friday, May 17th , 2024 - OOTP Baseball 23.10 Build 110